 Dungeon Crawl Stone Soup version 0.22-a0-542-gce4f928 (webtiles) character file.

149 inc the Chiller (level 5, -1/31 HPs)
             Began as an Octopode Ice Elementalist on June 24, 2018.
             Slain by a worm (11 damage)
             ... on level 3 of the Dungeon.
             The game lasted 00:04:34 (3529 turns).

inc the Chiller (Octopode Ice Elementalist)         Turns: 3529, Time: 00:04:35

Health: -1/31      AC:  1    Str:  7    XL:     5   Next: 31%
Magic:  3/8        EV: 13    Int: 19    God:
Gold:   150        SH:  0    Dex: 12    Spells: 7/8 levels left

rFire    + . .     SeeInvis .   d - +0 falchion (venom)
rCold    . . .     Gourm    .   (no shield)
rNeg     . . .     Faith    .   (helmet restricted)
rPois    .         Spirit   .   (no amulet)
rElec    .         Reflect  .   a - ring of wizardry
rCorr    .         Harm     .   i - ring of protection from fire
MR       .....                  (no ring)
Stlth    +++.......             (no ring)
HPRegen  0.10/turn              (no ring)
MPRegen  0.11/turn              (no ring)
                                (no ring)
                                (no ring)

@: lethally poisoned (-1 -> -3)
A: almost no armour, stealthy swim, amphibious, 8 rings, constrict 8, camouflage
1, gelatinous body 1
a: no special abilities


You were on level 3 of the Dungeon.
You were not hungry.

You visited 1 branch of the dungeon, and saw 3 of its levels.

You collected 150 gold pieces.

Inventory:

Hand Weapons
 d - a +0 falchion of venom (weapon)
 l - a +0 short sword
Jewellery
 a - a ring of wizardry (left tentacle)
 i - a ring of protection from fire (right tentacle)
Scrolls
 c - a scroll of enchant weapon {unknown}
 j - 2 scrolls of amnesia {unknown}
Potions
 e - 2 potions of lignification {unknown}
 f - 2 potions of haste {unknown}
 g - 7 potions of curing
 h - 2 potions of might
 k - a potion of berserk rage {unknown}
Comestibles
 b - 2 rations


   Skills:
 - Level 2.0 Dodging
 - Level 2.6 Stealth
 - Level 2.0 Spellcasting
   Level 1.0 Conjurations
 + Level 5.8 Ice Magic


You had 7 spell levels left.
You knew the following spells:

 Your Spells              Type           Power        Failure   Level  Hunger
a - Freeze                Ice            ###.         1%          1    #......

Your spell library contained the following spells:

 Spells                   Type           Power        Failure   Level  Hunger
 Throw Frost              Conj/Ice       ##....       2%          2    ###....
 Summon Ice Beast         Ice/Summ       ##......     21%         4    #####..
 Ozocubu's Armour         Chrm/Ice       ##......     6%          3    ###....
 Throw Icicle             Conj/Ice       ##......     16%         4    #####..


Dungeon Overview and Level Annotations

Branches:
Dungeon (3/15)

Altars:
Ashenzari
Nemelex Xobeh
Yredelemnul


Innate Abilities, Weirdness & Mutations

You cannot wear most types of armour.
You are very stealthy in the water. (Stealth+)
You are amphibious.
You can wear up to eight rings at the same time.
You can use your tentacles to constrict eight enemies at once.
Your skin changes colour to match your surroundings (Stealth+).
Your rubbery body absorbs attacks. (AC +1, EV +1)


Message History

You feel sick.
You start resting.
You feel sick. x2
The worm is too close now for your liking.
Casting: Freeze (safe; 1% risk of failure)
Confirm with . or Enter, or press ? or * to list all spells.
Aiming: Freeze (safe; 1% risk of failure)
Press: ? - help, Shift-Dir - straight line, f - worm
Aim: a worm You freeze the worm.
The worm is moderately wounded.
Casting: Freeze (safe; 1% risk of failure)
Confirm with . or Enter, or press ? or * to list all spells.
Aiming: Freeze (safe; 1% risk of failure)
Press: ? - help, Shift-Dir - straight line, f/p - worm
Aim: a worm (moderately wounded)
You freeze the worm.
The worm is heavily wounded.
The worm bites you!
You die...

.#.........## #.
.......w....#
#######.
#?......#
#.......
#.......#.#
#.######
#...#.....######
#.# ###
#w#####....# #.#
#.### #.##.# #.#
#...# #.##.#
####.# ###.#
#.@..# #....#
#.#####w.#
#.####
#..w.....####.#
########....#.#
####.#.# #.#.#
#.#)# #...#
#####


You could see a worm.

Vanquished Creatures
  A scorpion (D:3)
  2 adders (D:2)
  A gnoll (D:2)
  3 worms (D:2)
  6 leopard geckos
  4 orcs (D:3)
  5 bats
  3 giant cockroaches
  7 goblins
  4 hobgoblins
  3 jackals (D:1)
  3 quokkas (D:2)
  A ball python (D:2)
  A frilled lizard (D:1)
  5 kobolds
  3 rats
52 creatures vanquished.

Notes
Turn   | Place    | Note
-------+----------+-------------------------------------------
     0 | D:1      | inc the Octopode Ice Elementalist began the quest for the Orb.
     0 | D:1      | Reached XP level 1. HP: 11/11 MP: 3/3
   179 | D:1      | Reached XP level 2. HP: 6/17 MP: 1/5
   895 | D:1      | Reached skill level 4 in Ice Magic
  1190 | D:1      | Reached XP level 3. HP: 17/21 MP: 6/6
  1212 | D:1      | Found a sparkling altar of Nemelex Xobeh.
  2278 | D:2      | Reached XP level 4. HP: 27/27 MP: 3/7
  2632 | D:2      | Found a shattered altar of Ashenzari.
  2632 | D:2      | Found a basalt altar of Yredelemnul.
  2786 | D:2      | Reached skill level 5 in Ice Magic
  3510 | D:3      | Reached XP level 5. HP: 18/31 MP: 2/8
  3529 | D:3      | Slain by a worm

Vault maps used:
D:1:      mushboom_english_gardens, serial_forest, infiniplex_forest_straight_5,
          infiniplex_forest_clump_curved, infiniplex_forest_lined_corner,
          infiniplex_forest_clump_medium, nemelex_altar_shiori
D:2:      gammafunk_temple_overflow_statue
D:3:      lemuel_crystal_altar, nicolae_qazlal_eye_of_the_storm

Skill      XL: |  1  2  3  4 |
---------------+-------------+-----
Ice Magic      | 4 5 |  5.8
Dodging        | |  2.0
Stealth        | |  2.6
Spellcasting   | |  2.0
Conjurations   | |  1.0

Action                   |  1- 3 |  4- 6 || total
-------------------------+-------+-------++-------
Melee: Unarmed           |    12 |       ||    12
       Constrict         |    17 |     8 ||    25
       Tentacles         |    11 |     6 ||    17
       Whip              |    15 |       ||    15
       Short sword       |    24 |       ||    24
       Falchion          |     1 |    16 ||    17
 Cast: Freeze            |    27 |    16 ||    43
  Use: Scroll            |     4 |       ||     4
 Stab: Sleeping          |     9 |     2 ||    11
  Eat: Chunk             |     4 |     1 ||     5
       Ration            |       |     1 ||     1
Armor: Skin              |    15 |       ||    15
Dodge: Dodged            |    44 |     9 ||    53
       Rpst.: Falchion   |       |     4 ||     4

Table legend:
 A = Spawn XP
 B = Non-spawn XP
 C = Spawn XP percentage of total XP
 D = Spawn monster count
 E = Non-spawn monster count
 F = Spawn count percentage of total count
 G = Total turns spent on level
                    A         B        C        D         E        F      G
               +---------+---------+-------+---------+---------+-------+---------
         Total |       0 |     213 |   0.0 |       0 |      52 |   0.0 |  3529
               +---------+---------+-------+---------+---------+-------+---------
           D:1 |       0 |      34 |   0.0 |       0 |      20 |   0.0 |  1748
           D:2 |       0 |      84 |   0.0 |       0 |      22 |   0.0 |  1354
           D:3 |       0 |      95 |   0.0 |       0 |      10 |   0.0 |   427
               +---------+---------+-------+---------+---------+-------+---------
